 Dungeon Crawl Stone Soup version 0.28-a0-1184-g53156a8862 (webtiles) character file.

Game seed: 11340566500384741095

956 ytrimaz the Insei (level 8, -2/52 HPs)
             Began as an Octopode Transmuter on Dec 17, 2021.
             Slain by a steam dragon (3 damage)
             ... on level 6 of the Dungeon on Dec 18, 2021.
             The game lasted 00:04:25 (5237 turns).

ytrimaz the Insei (Octopode Transmuter)             Turns: 5237, Time: 00:04:26

Health: -2/52      AC:  2    Str:  9    XL:     8   Next: 14%
Magic:  9/15       EV: 19    Int: 18    God:
Gold:   175        SH:  0    Dex: 17    Spells: 10/16 levels left

rFire   + . .      SeeInvis .     - Unarmed
rCold   . . .      Faith    .   (shield currently unavailable)
rNeg    . . .      Spirit   .   (helmet currently unavailable)
rPois   x          Reflect  .   (no amulet)
rElec   .          Harm     .   g - ring of protection from fire
rCorr   .          Rampage  .   (no ring)
Will    .....                   (no ring)
Stlth   ++........              (no ring)
HPRegen 0.17/turn               (no ring)
MPRegen 0.14/turn               (no ring)
                                (no ring)
                                (no ring)

@: spider-form
A: venomous fangs, almost no armour, (amphibious), 8 rings, tiny, (camouflage
1), (gelatinous body 1), (nimble swimmer 1), (tentacles)
a: End Transformation


You were on level 6 of the Dungeon.
You were a venomous arachnid creature.
You visited 1 branch of the dungeon, and saw 6 of its levels.

You collected 175 gold pieces.

Inventory:

Jewellery
 g - a ring of protection from fire (left front leg)
Wands
 j - a wand of acid (10)
Scrolls
 d - 3 scrolls of teleportation
 k - a scroll of brand weapon
 l - a scroll of magic mapping {unknown}
Potions
 a - a potion of heal wounds
 b - a potion of flight
 c - a potion of lignification {unknown}
 e - a potion of curing
 f - a potion of resistance {unknown}
 h - a potion of mutation {unknown}
 i - a potion of berserk rage {unknown}


   Skills:
 * Level 3.5 Fighting
 - Level 2.0 Dodging
 + Level 5.8 Unarmed Combat
 * Level 4.8 Spellcasting
 * Level 4.6 Transmutations
 + Level 1.3 Poison Magic


You had 10 spell levels left.
You knew the following spells:

 Your Spells              Type           Power      Damage    Failure   Level
a - Beastly Appendage     Tmut           42%        N/A       8%          1
b - Wereblood             Tmut           21%        N/A       11%         2
c - Spider Form           Tmut/Pois      15%        N/A       28%         3

Your spell library contained the following spells:

 Spells                   Type           Power      Damage    Failure   Level
 Slow                     Hex            16%        N/A       32%         1
 Ignite Poison            Fire/Tmut/Pois 11%        N/A       38%         3
 Confusing Touch          Hex            4%         N/A       61%         3
 Conjure Flame            Conj/Fire      4%         6-21      61%         3
 Tukima's Dance           Hex            4%         N/A       61%         3
 Vampiric Draining        Necr           4%         2d6       61%         3
 Ice Form                 Ice/Tmut       12%        N/A       67%         4
 Passage of Golubria      Tloc           4%         N/A       92%         4
 Sticky Flame             Conj/Fire      4%         2d3       92%         4
 Yara's Violent Unravell  Hex/Tmut       6%         3d5       93%         5


Dungeon Overview and Level Annotations

Branches:
Dungeon (6/15)
 Temple: D:4-7

Altars:
Sif Muna

Annotations:
D:4 Sigmund


Innate Abilities, Weirdness & Mutations

You are a venomous arachnid creature.
You have poisonous fangs.
You are tiny and dextrous.
Your spellcasting is less reliable in this form.
Your armour is entirely melded.
You are incapable of wielding weapons or throwing items.
You cannot wear most types of armour.
((You are amphibious.))
You can wear up to eight rings at the same time.
((Your skin changes colour to match your surroundings (Stealth+).))
((Your rubbery body absorbs attacks. (AC +1, EV +1)))
((You are camouflaged near water. (Stealth+)))
((You have tentacles for arms and can constrict up to eight enemies at once.))


Message History

The steam dragon looks as sick as possible!
The steam dragon is heavily wounded.
The steam dragon barely misses you. x2; The steam dragon misses you.
The steam dragon claws you.
Unknown command.
You hit the steam dragon.
The steam dragon is poisoned.
The steam dragon is lightly wounded.
A nearby fungus withers and dies.
The steam dragon breathes steam at you. The ball of steam misses you.
The steam dragon bites you!
* * * LOW HITPOINT WARNING * * *
The steam dragon closely misses you.
Unknown command.
The steam dragon bites you.
* * * LOW HITPOINT WARNING * * *
The steam dragon closely misses you.
Unknown command.
The steam dragon breathes steam at you. The ball of steam misses you.
Your magical contamination has completely faded away.
Unknown command.
You enter the shallow water.
Moving in this stuff is going to be slow.
The steam dragon is sucked into a shaft!
The shaft crumbles and collapses.
Unknown command.
The steam dragon breathes steam at you. The ball of steam hits you. You resist.
* * * LOW HITPOINT WARNING * * *
The steam dragon barely misses you. The steam dragon closely misses you.
Unknown command.
You hit the steam dragon.
The steam dragon is moderately wounded.
The fungus is engulfed in a cloud of scalding steam.
The fungus begins to die.
The fungus is engulfed in a cloud of scalding steam.
The fungus begins to die.
The steam dragon bites you!
* * * LOW HITPOINT WARNING * * *
The steam dragon claws you.
You die...

#.≈## #.≈#
##.P# #P.§#
#§..# #≈§^#
.# #≈§≈#
...
#P§≈###...#
##§s§#....#
#≈^D≈≈##
##....§P##
#.......≈#
#P≈..?.≈.#
##......≈#
#....≈.##
###..≈##
#####


You could see a steam dragon (poisoned, catching breath).

Vanquished Creatures
  A sky beast (D:5)
  A centaur (D:5)
  A phantom (D:3)
  An ogre (D:6)
  4 scorpions
  A howler monkey (D:5)
  A centaur zombie (D:5)
  An orc priest (D:4)
  2 hounds (D:5)
  4 orc wizards
  An iguana (D:4)
  3 adders
  2 adder skeletons (D:4)
  A dart slug (D:3)
  9 orcs
  6 ball pythons
  5 endoplasms
  3 giant cockroaches
  7 goblins
  6 hobgoblins
  3 jackals (D:1)
  5 quokkas
  10 bats
  4 frilled lizards
  5 kobolds
  8 rats
95 creatures vanquished.

Vanquished Creatures (others)
  3 fungi (D:6)
3 creatures vanquished.

Grand Total: 98 creatures vanquished

Notes
Turn   | Place    | Note
-------+----------+-------------------------------------------
     0 | D:1      | ytrimaz the Octopode Transmuter began the quest for the
                  | Orb.
     0 | D:1      | Reached XP level 1. HP: 13/13 MP: 3/3
   188 | D:1      | Found a faded altar of an unknown god.
   278 | D:1      | Reached XP level 2. HP: 18/18 MP: 3/5
   791 | D:1      | Reached XP level 3. HP: 22/23 MP: 6/6
   794 | D:1      | Learned a level 2 spell: Wereblood
   798 | D:1      | Learned a level 3 spell: Spider Form
  2175 | D:2      | You fall into a shaft and drop 1 floor!
  2177 | D:3      | Noticed a phantom
  2183 | D:3      | Reached XP level 4. HP: 25/28 MP: 5/8
  2192 | D:3      | Killed a phantom
  2193 | D:3      | Reached XP level 5. HP: 11/34 MP: 3/9
  2729 | D:3      | Found a shimmering blue altar of Sif Muna.
  3039 | D:4      | Noticed Sigmund
  3108 | D:4      | Reached skill level 4 in Unarmed Combat
  3121 | D:4      | Reached XP level 6. HP: 36/41 MP: 7/11
  3421 | D:5      | Entered Level 5 of the Dungeon
  3752 | D:5      | Noticed a sky beast
  3766 | D:5      | Killed a sky beast
  3905 | D:5      | Reached XP level 7. HP: 45/45 MP: 8/13
  3926 | D:5      | Reached skill level 5 in Unarmed Combat
  4277 | D:5      | Reached skill level 1 in Poison Magic
  4897 | D:6      | Reached XP level 8. HP: 26/52 MP: 8/15
  5237 | D:6      | HP: 1/52 [steam dragon (7)]
  5237 | D:6      | Slain by a steam dragon

Illustrated notes

Levels and vault maps discovered:
D:1:      scummos_arrival_gate, layout_loops_corners, serial_rivers,
          chequers_serial_rivers_small_3, chequers_serial_rivers_micro_b,
          chequers_serial_rivers_room_b, chequers_serial_rivers_micro_b,
          nicolae_ecumenical_lake_church, st_stairs_7, minivault_4,
          kennysheep_another_room
D:2:      layout_loops_corners
D:3:      minmay_spotlight, layout_rooms, mainiacjoe_overflow_six_doors_small
D:4:      layout_basic, minmay_stone_trees_small, uniq_sigmund
D:5:      layout_basic
D:6:      kennysheep_steamy, layout_loops_cross,
          nicolae_dithmenos_through_a_glass_darkly

Skill      XL: |  1  2  3  4  5  6  7 |
---------------+----------------------+-----
Fighting       | 2 3 |  3.5
Spellcasting   | 3 4 |  4.8
Transmutations | 3 4 |  4.6
Unarmed Combat | 4 5 |  5.8
Poison Magic   | 1 |  1.3
Dodging        | |  2.0

Action                   |  1- 3 |  4- 6 |  7- 9 || total
-------------------------+-------+-------+-------++-------
Melee: Unarmed           |   100 |   107 |    72 ||   279
       Kick              |    15 |     2 |     1 ||    18
       Constrict         |    28 |    16 |     1 ||    45
       Tentacles         |    11 |    10 |     1 ||    22
       Punch             |     2 |     1 |     1 ||     4
 Cast: Beastly Appendage |    28 |     8 |     4 ||    40
       Spider Form       |       |     4 |     9 ||    13
       Wereblood         |       |     2 |     1 ||     3
  Use: Scroll            |     4 |     5 |     1 ||    10
       Potion            |       |     1 |     2 ||     3
 Stab: Sleeping          |     3 |     3 |       ||     6
Armor: Skin              |    23 |    13 |     6 ||    42
Dodge: Dodged            |    68 |    73 |    77 ||   218

Table legend: (Time is in decaauts)
 A = Elapsed time spent in this place.
 B = Non-inter-level travel time spent in this place.
 C = Inter-level travel time spent in this place.
 D = Time resting spent in this place.
 E = Time spent auto-exploring this place.
 F = Levels seen in this place.
 G = Mean time per level.
                   A        B        C        D        E       F      G
               +--------+--------+--------+--------+--------+-----+--------+
         Total |   5200 |   5124 |     76 |    200 |   4084 |   6 |  866.7 |
       Dungeon |   5200 |   5124 |     76 |    200 |   4084 |   6 |  866.7 |
               +--------+--------+--------+--------+--------+-----+--------+

Top non-repeatable levels by time:
     D:5: 1419 daAuts
     D:1: 1331 daAuts
     D:2: 837 daAuts
     D:3: 750 daAuts
     D:4: 474 daAuts
     D:6: 386 daAuts
